Construct Section Command Post
Selects Air and Sea Battlegroup
Selects Commando Section Paradrop
Selects Commando Support Section Paradrop
Selects Commando Section Paradrop
Selects M1 Pack Howitzer Paradrop
M1 Pack Howitzer Paradrop
Construct Platoon Command Post
6-pounder Anti-tank Gun Team
Unlock M3 Stuart Light Tanks
Construct Field Infirmary
Commando Section Paradrop
Construct Company Command Post
Unlock M3 Grant Medium Tanks